 Dungeon Crawl Stone Soup version 0.27.1-1-g398f81649c (webtiles) character file.

Game seed: 13924018979069816325

259 Terracrafty the Chopper (level 6, -8/79 HPs)
             Began as a Hill Orc Fighter on Sept 5, 2021.
             Mangled by an orc warrior (16 damage)
             ... on level 3 of the Dungeon.
             The game lasted 00:25:11 (1787 turns).

Terracrafty the Chopper (Hill Orc Fighter)          Turns: 1787, Time: 00:25:12

Health: -8/79      AC: 23    Str: 20    XL:     6   Next: 17%
Magic:  6/6        EV:  2    Int:  8    God:
Gold:   73         SH:  9    Dex: 11    Spells: 5/5 levels left

rFire    . . .     SeeInvis .   a - +0 war axe
rCold    . . .     Faith    .   c - +0 kite shield
rNeg     + + +     Spirit   .   (armour currently unavailable)
rPois    +         Reflect  .   (helmet currently unavailable)
rElec    .         Harm     .   (cloak currently unavailable)
rCorr    .         Rampage  .   (gloves currently unavailable)
Will     .....     NoTele   +   (boots currently unavailable)
Stlth    +.........             (no amulet)
HPRegen  0.23/turn              (no ring)
MPRegen  0.10/turn              (no ring)

@: tree-form
A: stationary, stasis, torment immunity, boosted hp
a: Convert to Beogh


You were on level 3 of the Dungeon.
You were a tree.
You visited 1 branch of the dungeon, and saw 3 of its levels.

You collected 73 gold pieces.

Inventory:

Hand Weapons
 a - a +0 war axe (weapon)
 f - a +0 short sword
 g - a +0 hand axe
 k - a +0 dagger
 o - a +0 dagger
 p - a +0 dagger
 s - a +0 dagger
 z - a +0 club
 A - a +0 flail
 B - a +0 whip
 E - a +0 dagger
Missiles
 e - 31 arrows
 h - 51 stones (quivered)
 v - 11 poisoned darts
 w - 16 bolts
Armour
 b - a +0 scale mail (melded)
 c - a +0 kite shield (worn)
 C - a +0 leather armour
Magical Staves
 r - a staff of fire
Wands
 q - a wand of iceblast (6)
Scrolls
 i - a scroll of teleportation {unknown}
 j - a scroll of amnesia {unknown}
 l - a scroll of blinking {unknown}
 n - a scroll of enchant armour {unknown}
 t - a scroll of enchant weapon {unknown}
 u - a scroll of brand weapon {unknown}
 x - 2 scrolls of noise {unknown}
 y - a scroll of magic mapping {unknown}
Potions
 d - a potion of might
 m - a potion of invisibility {unknown}
 D - a potion of lignification


   Skills:
 + Level 4.3 Fighting
 + Level 5.6 Axes
 + Level 4.3 Armour
 + Level 1.0 Dodging
 + Level 0.2 Stealth
 + Level 4.1 Shields
 + Level 1.2 Evocations


You had 5 spell levels left.
You didn't know any spells.
Your spell library was empty.

Dungeon Overview and Level Annotations

Branches:
Dungeon (3/15)

Altars:
Kikubaaqudgha

Annotations:
D:3 Natasha


Message History

You closely miss the orc. You hit the kobold but do no damage.
You block the orc warrior's attack. The orc hits you but does no damage.
The orc hits you from afar with a +0 trident.
You block the kobold's attack.
The orc warrior hits you from afar with a +0 glaive!
* * * LOW HITPOINT WARNING * * *
You block the orc's attack.
A dart slug comes into view.
You hit the dart slug.
The dart slug is moderately wounded.
You slash the orc!
You kill the orc!
You block the dart slug's attack.
You hit the dart slug.
The dart slug is heavily wounded.
You block the orc warrior's attack. The dart slug launches a dart at you.
The slug dart hits you.
* * * LOW HITPOINT WARNING * * *
The orc priest shouts, "Join the one true god or die!"
You hit the dart slug.
You kill the dart slug!
The orc warrior hits you from afar with a +0 glaive.
* * * LOW HITPOINT WARNING * * *
The orc warrior hits you from afar with a +0 glaive.
* * * LOW HITPOINT WARNING * * *
Your Dodging skill increases to level 1!
A quokka and Natasha come into view.
There is an open door here.
You see here a dart slug corpse.
Cleave: a) +0 war axe
Press: ? - help, Dir - move target, f - Natasha
Aim: Natasha (about 50% to evade your +0 war axe)
Okay, then.
Unknown command.
It was a potion of lignification.
You turn into a tree.
Your +0 scale mail melds into your body.
Your roots penetrate the ground.
Natasha claws you but does no damage.
The orc warrior hits you from afar with a +0 glaive!
You die...

.o......... #.##.#.#.#.#.#.......
o.......... #.##...#.....#......#
............#.##.#.#.....#..###.#
....... ........o.#.#.#.#..# #.#
####### ####.##o###.....#..# #.#
.. #K# #.....#..# #.# ## #o#
#.#.#.#... #.. #.# #.....#....###
#♣# #.....#.#.....
......h...#.#.#.# ....
..........#.....# .###
..........#.....# ###
.....####.#.#.#.# #.. #####
r#.....# #.# .#.....# #.#
.#.#.#.# .##.# #.....# #.##.#


You could see an orc warrior, an orc priest, Natasha, an orc, a quokka and a
kobold.

Vanquished Creatures
  A sky beast (D:3)
  An orc priest (D:3)
  2 orc wizards (D:3)
  4 adders
  2 worms (D:2)
  A dart slug (D:3)
  6 orcs
  2 bats
  An endoplasm (D:2)
  3 giant cockroaches
  2 goblins
  6 hobgoblins
  4 quokkas
  2 ball pythons
  3 frilled lizards (D:3)
  2 kobolds
  4 rats (D:1)
46 creatures vanquished.

Notes
Turn   | Place    | Note
-------+----------+-------------------------------------------
     0 | D:1      | Terracrafty the Hill Orc Fighter began the quest for the
                  | Orb.
     0 | D:1      | Reached XP level 1. HP: 19/19 MP: 1/1
    83 | D:1      | Reached skill level 3 in Axes
    83 | D:1      | Reached XP level 2. HP: 24/27 MP: 2/2
   227 | D:2      | Reached XP level 3. HP: 24/33 MP: 3/3
  1310 | D:3      | Reached XP level 4. HP: 36/40 MP: 4/4
  1403 | D:3      | Noticed a sky beast
  1425 | D:3      | Killed a sky beast
  1426 | D:3      | Reached skill level 4 in Axes
  1426 | D:3      | Reached skill level 1 in Evocations
  1426 | D:3      | Reached XP level 5. HP: 47/47 MP: 5/5
  1603 | D:3      | Found an ancient bone altar of Kikubaaqudgha.
  1756 | D:3      | Noticed an orc warrior
  1760 | D:3      | Reached skill level 5 in Axes
  1760 | D:3      | Reached XP level 6. HP: 38/53 MP: 6/6
  1786 | D:3      | Reached skill level 1 in Dodging
  1786 | D:3      | Noticed Natasha
  1787 | D:3      | Mangled by an orc warrior

Illustrated notes

Levels and vault maps discovered:
D:1:      dpeg_arrival_shelter, layout_basic,
          hellmonk_ecumenical_altar_arch_garden
D:2:      layout_rooms, small_statue_intersection, minmay_quadrilaterals
D:3:      layout_basic, mainiacjoe_overflow_paths, columned_hall_lemuel,
          serial_park_tiny_2, grunt_ministairs_8, uniq_natasha

Skill      XL: |  1  2  3  4  5  6 |
---------------+-------------------+-----
Axes           | 3 4 5 |  5.6
Fighting       | 4 |  4.3
Armour         | 4 |  4.3
Evocations     | 1 |  1.2
Shields        | 4 |  4.1
Dodging        | 1 |  1.0
Stealth        | |  0.2

Action                   |  1- 3 |  4- 6 || total
-------------------------+-------+-------++-------
Melee: War axe           |    98 |    37 ||   135
Evoke: Wand              |       |     3 ||     3
  Use: Potion            |       |     1 ||     1
Armor: Scale mail        |    40 |    19 ||    59
       Skin              |       |     1 ||     1
Dodge: Dodged            |    36 |    13 ||    49
Block: Kite shield       |    48 |    28 ||    76
